 Dungeon Crawl Stone Soup version 0.22-a0-525-gf69a080 (webtiles) character file.

254 Amnesiac the Digger (level 5, -9/24 HPs)
             Began as a Spriggan Earth Elementalist on June 21, 2018.
             Was an Initiate of Ashenzari.
             Killed by divine providence
             ... invoked by an orc priest
              (15 damage)
             ... on level 3 of the Dungeon.
             The game lasted 00:05:54 (1385 turns).

Amnesiac the Digger (Spriggan Earth Elementalist)   Turns: 1385, Time: 00:05:55

Health: -9/24      AC:  2    Str:  4    XL:     5   Next: 91%
Magic:  7/12       EV: 18    Int: 18    God:    Ashenzari [......]
Gold:   43         SH:  0    Dex: 16    Spells: 0/12 levels left

rFire    . . .     SeeInvis +   a - +0 dagger (curse)
rCold    . . .     Gourm    .   (shield restricted)
rNeg     . . .     Faith    .   c - +0 robe
rPois    .         Spirit   .   f - +0 hat
rElec    .         Reflect  .   (no cloak)
rCorr    .         Harm     .   (gloves unavailable)
MR       .....                  (boots unavailable)
Stlth    ++........             (no amulet)
HPRegen  0.08/turn              (no ring)
MPRegen  0.13/turn              (no ring)

@: very quick
A: very small, unfitting armour, see invisible, herbivore, speed 3, slow
metabolism 2
a: Curse Item, Renounce Religion


You were on level 3 of the Dungeon.
You worshipped Ashenzari.
Ashenzari was noncommittal.
You were not hungry.

You visited 1 branch of the dungeon, and saw 3 of its levels.
You also visited: Sewer.

You collected 43 gold pieces.

Inventory:

Hand Weapons
 a - a cursed +0 dagger (weapon)
 j - a +0 blowgun
Missiles
 b - 8 stones (quivered)
 k - 31 poisoned needles
Armour
 c - a +0 robe (worn)
 e - a +0 buckler
 f - a +0 hat (worn)
Jewellery
 o - the amulet "Gozi" {+Rage rF- MR+ Dex+2}
   (You found it in a sewer)

   [amulet of rage]

   It affects your dexterity (+2).
   It makes you vulnerable to fire.
   It affects your resistance to hostile enchantments.
   It lets you go berserk.
Scrolls
 g - a scroll of blinking {!r}
 n - a scroll of fear {!r, unknown}
Potions
 h - a potion of brilliance {!q, unknown}
 i - a potion of cancellation {!q, unknown}
 l - 2 potions of flight {!q, unknown}
 m - a potion of curing {!q, unknown}
Comestibles
 d - 2 rations


   Skills:
 - Level 3.0 Dodging
 - Level 3.0 Stealth
 + Level 1.7 Shields
 + Level 4.4 Spellcasting
 - Level 1.3 Transmutations
 * Level 4.7 Earth Magic


You couldn't memorise any spells.
You knew the following spells:

 Your Spells              Type           Power        Failure   Level  Hunger
a - Sandblast             Erth           ###...       1%          1    None
b - Passwall              Tmut/Erth      ###.....     6%          2    #......
d - Lee's Rapid Deconstr  Erth           ###.......   50%         5    ######.
e - Petrify               Tmut/Erth      ###.....     36%         4    ####...

Your spell library contained the following spells:

 Spells                   Type           Power        Failure   Level  Hunger
 Stone Arrow              Conj/Erth      ##....       16%         3    ###....


Dungeon Overview and Level Annotations

Branches:
Dungeon (3/15)

Altars:
Ashenzari
Uskayaw


Innate Abilities, Weirdness & Mutations

You are very small and have problems with some larger weapons.
You are too small for most types of armour.
You have supernaturally acute eyesight. (SInv)
You are a herbivore.
You cover ground extremely quickly.
You need to consume almost no food.


Message History

Casting: Sandblast (safe; 2% risk of failure)
Confirm with . or Enter, or press ? or * to list all spells.
Aiming: Sandblast (safe; 2% risk of failure)
Press: ? - help, Shift-Dir - straight line, f/p - orc priest
Aim: an orc priest, wielding a falchion and wearing a leather armour (severely wounded)
The blast of sand hits the orc priest.
You kill the orc priest!
b - 10 stones Unknown command.
Things that are here:
a +0 falchion; an uncursed leather armour; an uncursed plate armour
b - 11 stones (gained 1)
b - 12 stones (gained 1) Magic restored.
The orc is too close now for your liking.
There are monsters nearby!
There are monsters nearby!
Casting: Sandblast (safe; 1% risk of failure)
Confirm with . or Enter, or press ? or * to list all spells.
Aiming: Sandblast (safe; 1% risk of failure)
Press: ? - help, Shift-Dir - straight line, f - orc wizard
Aim: an orc wizard, wielding a dagger of freezing and wearing a robe (hasn't noticed you)
The blast of sand hits the orc wizard.
The orc wizard is lightly wounded.
The orc wizard shouts!
b - 11 stones The orc shouts!
You hear a shout!
Unknown command.
The orc wizard gestures at you while chanting.
The puff of flame hits you!
Casting: Sandblast (safe; 1% risk of failure)
Confirm with . or Enter, or press ? or * to list all spells.
Aiming: Sandblast (safe; 1% risk of failure)
Press: ? - help, Shift-Dir - straight line, f/p - orc wizard
Aim: an orc wizard, wielding a dagger of freezing and wearing a robe (lightly wounded)
The blast of sand hits the orc wizard.
The orc wizard is almost dead.
b - 10 stones Unknown command.
Casting: Sandblast (safe; 1% risk of failure)
Confirm with . or Enter, or press ? or * to list all spells.
Aiming: Sandblast (safe; 1% risk of failure)
Press: ? - help, Shift-Dir - straight line, f/p - orc wizard
Aim: an orc wizard, wielding a dagger of freezing and wearing a robe (almost dead)
The blast of sand misses the orc wizard.
b - 9 stones The orc wizard misses you.
The orc priest begins to cast a cantrip, but forgets the words!
Unknown command.
The orc priest calls down the wrath of Beogh upon you.
Beogh smites you!
* * * LOW HITPOINT WARNING * * *
Casting: Sandblast (safe; 1% risk of failure)
Confirm with . or Enter, or press ? or * to list all spells.
Aiming: Sandblast (safe; 1% risk of failure)
Press: ? - help, Shift-Dir - straight line, f/p - orc wizard
Aim: an orc wizard, wielding a dagger of freezing and wearing a robe (almost dead)
The blast of sand hits the orc wizard.
You kill the orc wizard!
b - 8 stones The orc priest mumbles some strange prayers to Beogh against you.
Beogh smites you!
Ouch! That really hurt!
You die...

..# ##...o######## ### ..# #)...#
#.. ..# ..# #..### #o# #.# ..#
#..# #.# #######.#
..####..#####.###.......#########
.........s..o.....# #..........
..####.######.##### #.#########
.......# #o#########)# ..######
#..)@.......# ### #############


You could see an orc priest.

Vanquished Creatures
  A crocodile (Sewer)
  2 orc priests (D:3)
  3 orc wizards (D:3)
  A dart slug (D:3)
  4 leopard geckos (D:3)
  3 orcs (D:3)
  3 giant cockroaches (D:3)
  A goblin (D:2)
  3 hobgoblins (D:3)
  2 jackals (Sewer)
  8 kobolds
  A ball python (D:3)
  2 bats (D:3)
  2 rats (D:3)
36 creatures vanquished.

Notes
Turn   | Place    | Note
-------+----------+-------------------------------------------
     0 | D:1      | Amnesiac the Spriggan Earth Elementalist began the quest for the Orb.
     0 | D:1      | Reached XP level 1. HP: 9/9 MP: 5/5
   154 | D:3      | Noticed an orc priest
   154 | D:3      | Noticed an orc wizard
   154 | D:3      | Noticed an orc priest
   198 | D:3      | Reached XP level 2. HP: 3/13 MP: 0/7
   206 | D:3      | Learned a level 2 spell: Passwall
   276 | D:3      | Found a shattered altar of Ashenzari.
   284 | D:3      | Became a worshipper of Ashenzari the Shackled
   315 | D:3      | Noticed a hand axe
   316 | D:3      | Noticed a hand axe
   318 | D:3      | Found a hide-covered altar of Uskayaw.
   382 | D:3      | Found a glowing drain.
   405 | Sewer    | Entered a sewer
   768 | Sewer    | Noticed a crocodile
   823 | Sewer    | Killed a crocodile
   823 | Sewer    | Reached skill level 1 in Shields
   823 | Sewer    | Reached XP level 3. HP: 16/16 MP: 1/9
   823 | Sewer    | Reached XP level 4. HP: 21/21 MP: 1/10
   834 | Sewer    | Identified the amulet "Gozi" {+Rage rF- MR+ Dex+2}
  1124 | D:3      | Reached XP level 5. HP: 22/24 MP: 8/12
  1208 | D:3      | Learned a level 5 spell: Lee's Rapid Deconstruction
  1213 | D:3      | Learned a level 4 spell: Petrify
  1385 | D:3      | Killed from afar by an orc priest

Vault maps used:
D:1:      scummos_arrival_simple_crosswalls
D:2:      first_ration
D:3:      dancing_weapons_uskayaw, portal_sewer_entry_f,
          cheibrodos_ashenzari_chains
Sewer:    sewer_the_crocodile

Skill      XL: |  1  2  3  4 |
---------------+-------------+-----
Earth Magic    | 3 4 |  4.7
Spellcasting   | 3 4 |  4.4
Shields        | 1 |  1.7
Dodging        | |  3.0
Stealth        | |  3.0
Transmutations | |  1.3

Action                   |  1- 3 |  4- 6 || total
-------------------------+-------+-------++-------
Melee: Dagger            |    19 |     2 ||    21
 Cast: Sandblast         |    37 |    34 ||    71
       Passwall          |     1 |       ||     1
  Use: Scroll            |     1 |     1 ||     2
 Stab: Sleeping          |     1 |     2 ||     3
Armor: Robe              |     7 |     1 ||     8
Dodge: Dodged            |    47 |    12 ||    59

Table legend:
 A = Spawn XP
 B = Non-spawn XP
 C = Spawn XP percentage of total XP
 D = Spawn monster count
 E = Non-spawn monster count
 F = Spawn count percentage of total count
 G = Total turns spent on level
                    A         B        C        D         E        F      G
               +---------+---------+-------+---------+---------+-------+---------
         Total |       0 |     364 |   0.0 |       0 |      36 |   0.0 |  1385
               +---------+---------+-------+---------+---------+-------+---------
           D:2 |       0 |       2 |   0.0 |       0 |       1 |   0.0 |    14
           D:3 |       0 |     253 |   0.0 |       0 |      29 |   0.0 |   816
         Sewer |       0 |     109 |   0.0 |       0 |       6 |   0.0 |   507
               +---------+---------+-------+---------+---------+-------+---------
